 Dungeon Crawl Stone Soup version 0.31.0-11-ge490571c62 (webtiles) character file.

Game seed: 14078718229866916853

219 qw the Skirmisher (level 5, -1/29 HPs)
             Began as a Deep Elf Hunter on Feb 3, 2024.
             Slain by a goblin
             ... wielding a +0 dagger
             ... led by Robin
              (5 damage)
             ... on level 3 of the Dungeon.
             The game lasted 00:00:11 (2547 turns).

qw the Skirmisher (Deep Elf Hunter)                 Turns: 2547, Time: 00:00:11

Health: -1/29      AC:  6    Str: 10    XL:     5   Next: 64%
Magic:  7/7        EV: 12    Int: 14    God:
Gold:   111        SH:  0    Dex: 18    Spells: 4/4 levels left

rFire   . . .        a - +0 shortbow
rCold   . . .        (shield currently unavailable)
rNeg    . . .        j - +3 leather armour of the Swamp {+Blink Fly rElec}
rPois   .            (no helmet)
rElec   +            (no cloak)
rCorr   .            (no gloves)
SInv    .            (no boots)
Will    .....        (no amulet)
Stlth   ++           (no ring)
HPRegen 0.24/turn    (no ring)
MPRegen 0.10/turn

%: no passive effects
@: flying
A: no striking features
a: Evoke Blink


You were on level 3 of the Dungeon.
You visited 1 branch of the dungeon, and saw 3 of its levels.

You collected 111 gold pieces.


   Skills:
 + Level 1.5 Fighting
 - Level 9.0 Ranged Weapons
 - Level 3.0 Dodging
 - Level 1.2 Stealth


You had 4 spell levels left.
You didn't know any spells.
Your spell library was empty.

Inventory:

Hand Weapons
 a - a +0 shortbow (weapon)
Armour
 j - the +3 leather armour of the Swamp (worn) {+Blink Fly rElec}
   (You found it on level 2 of the Dungeon)

   rElec:     It insulates you from electricity.
   Fly:       It grants you flight.
   +Blink:    It lets you blink.
Scrolls
 d - a scroll of noise {unknown}
 f - a scroll of teleportation {unknown}
 g - a scroll of identify {unknown}
Potions
 b - a potion of lignification {unknown}
 c - a potion of resistance
 e - a potion of enlightenment {unknown}
 h - a potion of might {unknown}
 i - a potion of mutation {unknown}
 k - a potion of berserk rage {unknown}
 l - a potion of ambrosia {unknown}

Dungeon Overview and Level Annotations

Branches:
Dungeon (3/15)

Altars:
Gozag


Message History

The goblins go into a battle-frenzy!
The goblin hits you with a +0 dagger. The goblin misses you.
You shoot an arrow. The arrow barely misses the hobgoblin.
The arrow closely misses the goblin.
The hobgoblin closely misses you. The goblin hits you but does no damage.
The goblin hits you with a +0 club.
You shoot an arrow. The arrow hits the hobgoblin.
You kill the hobgoblin!
The goblin closely misses you. The goblin hits you but does no damage.
You shoot an arrow. The arrow hits the goblin.
The goblin is severely wounded.
The goblin hits you with a +0 dagger. x2
You shoot an arrow. The arrow barely misses the goblin.
The arrow closely misses the goblin.
The goblin closely misses you. x3
You shoot an arrow. The arrow hits the goblin!
You kill the goblin!
The goblin hits you but does no damage. The goblin barely misses you.
You shoot an arrow. The arrow barely misses Robin.
The arrow hits the goblin.
You kill the goblin!
The goblin barely misses you. x2
You shoot an arrow. The arrow barely misses Robin.
The goblin hits you with a +0 club.
Robin laughs in a distinctly smug fashion.
The goblin hits you with a +0 dagger.
You shoot an arrow. The arrow barely misses Robin.
The arrow barely misses the goblin.
The goblin hits you with a +0 club. Robin hits you but does no damage.
The goblin misses you.
You shoot an arrow. The arrow hits Robin!
You kill Robin!
The goblin hits you with a +0 dagger. The goblin hits you but does no damage.
The goblin unwields a +0 dagger.
The goblin wields a +0 sling.
The goblin shoots a sling bullet.
The sling bullet hits you but does no damage.
Your Dodging skill increases to level 3!
You shoot an arrow. The arrow hits the goblin.
The goblin is moderately wounded.
The goblin hits you with a +0 dagger.
You die...

...)<#.##.# ####.#.##.#
###.##.###### #
#...........###..
##...........#...
#...............
#.#..........## #
###.#..........###.#
..............)g@)g#
#################g)..)._
..#.... ..# ... ..# .
..# ... ...


You could see 3 goblins.

Vanquished Creatures
  Terence (D:3)
  An orc wizard (D:3)
  Robin (D:3)
  A gnoll (D:3)
  7 adders
  A ribbon worm (D:2)
  2 orcs (D:3)
  5 ball pythons
  5 bats
  10 endoplasms
  2 giant cockroaches
  14 goblins
  7 hobgoblins
  3 jackals (D:1)
  A quokka (D:1)
  3 frilled lizards
  10 kobolds
  4 rats
78 creatures vanquished.

Notes
Turn   | Place    | Note
-------+----------+-------------------------------------------
     0 | D:1      | qw the Deep Elf Hunter began the quest for the Orb.
     0 | D:1      | Reached XP level 1. HP: 12/12 MP: 3/3
     0 | D:1      | 0 ||| qw: Version: 0.3-a-158-g18b3111
     0 | D:1      | 0 ||| qw: Game counter: 4091
     0 | D:1      | 0 ||| qw: Melee chars always use a shield: true
     0 | D:1      | 0 ||| qw: God list: Okawaru
     0 | D:1      | 0 ||| qw: Allow faded altars: false
     0 | D:1      | 0 ||| qw: Do Orc after clearing Dungeon:15 true
     0 | D:1      | 0 ||| qw: Do second Lair branch before Depths: true
     0 | D:1      | 0 ||| qw: Lair rune preference: random
     0 | D:1      | 0 ||| qw: Goals: Normal
     0 | D:1      | 0 ||| PLANNING D:1-11
   114 | D:1      | Reached skill level 6 in Ranged Weapons
   114 | D:1      | Reached XP level 2. HP: 14/16 MP: 4/4
   411 | D:1      | You fall into a shaft and drop 1 floor!
   420 | D:2      | 420 ||| UPGRADING to +0 ring mail.
   430 | D:2      | 430 ||| DROPPING +0 leather armour.
   431 | D:2      | 431 ||| DROPPING scroll of butterflies.
   433 | D:2      | 433 ||| FLEEEEING.
   436 | D:2      | 436 ||| FLEEEEING.
   437 | D:2      | 437 ||| STAIRDANCE
   592 | D:1      | Reached XP level 3. HP: 20/20 MP: 5/5
  1113 | D:2      | Reached skill level 7 in Ranged Weapons
  1116 | D:2      | 1116 ||| FLEEEEING.
  1117 | D:2      | 1117 ||| FLEEEEING.
  1118 | D:2      | 1118 ||| FLEEEEING.
  1249 | D:2      | Reached XP level 4. HP: 25/25 MP: 6/6
  1523 | D:2      | Identified the +3 leather armour of the Swamp {+Blink Fly
                  | rElec}
  1960 | D:2      | 1960 ||| UPGRADING to +3 leather armour of the Swamp
                  | {+Blink Fly rElec}.
  1970 | D:2      | 1970 ||| DROPPING +0 ring mail.
  1971 | D:2      | 1971 ||| READING scroll labelled REIDGH TENK.
  1972 | D:2      | 1972 ||| READING scroll labelled HUUZXA QEUTH.
  2073 | D:2      | 2073 ||| READING scroll labelled WEEXTA ECWUCI.
  2073 | D:2      | 2073 ||| ENCHANTING +0 shortbow.
  2074 | D:2      | 2074 ||| DRINKING 2 pink potions.
  2101 | D:3      | Reached skill level 8 in Ranged Weapons
  2109 | D:3      | Noticed Terence
  2130 | D:3      | Killed Terence
  2131 | D:3      | Reached XP level 5. HP: 22/29 MP: 7/7
  2212 | D:3      | 2212 ||| FLEEEEING.
  2215 | D:3      | 2215 ||| FLEEEEING.
  2216 | D:3      | 2216 ||| FLEEEEING.
  2217 | D:3      | 2217 ||| FLEEEEING.
  2218 | D:3      | 2218 ||| FLEEEEING.
  2219 | D:3      | 2219 ||| FLEEEEING.
  2222 | D:3      | 2222 ||| FLEEEEING.
  2223 | D:3      | 2223 ||| FLEEEEING.
  2224 | D:3      | 2224 ||| FLEEEEING.
  2225 | D:3      | 2225 ||| FLEEEEING.
  2226 | D:3      | 2226 ||| FLEEEEING.
  2227 | D:3      | 2227 ||| FLEEEEING.
  2228 | D:3      | 2228 ||| FLEEEEING.
  2242 | D:3      | HP: 7/29 [something/magic dart (8)]
  2395 | D:3      | Reached skill level 9 in Ranged Weapons
  2397 | D:3      | 2397 ||| FLEEEEING.
  2398 | D:3      | 2398 ||| FLEEEEING.
  2401 | D:3      | 2401 ||| FLEEEEING.
  2402 | D:3      | 2402 ||| FLEEEEING.
  2530 | D:3      | Found an opulent altar of Gozag.
  2530 | D:3      | Noticed Robin
  2545 | D:3      | HP: 6/29 [goblin/+0 club[Robin] (4)]
  2546 | D:3      | Killed Robin
  2547 | D:3      | Reached skill level 3 in Dodging
  2547 | D:3      | Slain by a goblin

Levels and vault maps discovered:
D:1:      kennysheep_arrival_forest, layout_basic
D:2:      layout_basic, nicolae_eternal_life
D:3:      layout_rooms, lemuel_tele_altar, uniq_robin, uniq_terence

Skill      XL: |  1  2  3  4  5 |
---------------+----------------+-----
Ranged Weapons | 6 7 8 9 |  9.0
Dodging        | 3 |  3.0
Fighting       | |  1.5
Stealth        | |  1.2

Action                     |  1- 3 |  4- 6 || total
---------------------------+-------+-------++-------
   Fire: Shortbow          |   107 |   145 ||   252
    Use: Scroll            |       |     3 ||     3
         Potion            |       |     1 ||     1
 Armour: Leather armour    |     8 |    54 ||    62
         Ring mail         |    21 |    11 ||    32
  Dodge: Dodged            |    36 |    52 ||    88

Table legend:
 A = Non-vault XP
 B = Vault XP
 C = Vault XP percentage of total XP
 D = Non-vault monster count
 E = Vault monster count
 F = Vault count percentage of total count
                 A         B        C        D         E       F
            +---------+---------+-------+---------+---------+-------
      Total |     251 |      63 |  20.1 |      70 |       8 |  10.3
            +---------+---------+-------+---------+---------+-------
        D:1 |      56 |       0 |   0.0 |      33 |       0 |   0.0
        D:2 |      86 |       0 |   0.0 |      23 |       0 |   0.0
        D:3 |     109 |      63 |  36.6 |      14 |       8 |  36.4
            +---------+---------+-------+---------+---------+-------
